 Dungeon Crawl Stone Soup version 0.30-a0-585-g93115170b9 (webtiles) character file.

Game seed: 11717721494873645862

3922 bande the Cleaver (level 10, -7/61 HPs)
             Began as a Gargoyle Fighter on Jan 2, 2023.
             Was an Elder of Okawaru.
             Mangled by an enormous slime creature (68 damage)
             ... on level 8 of the Dungeon.
             The game lasted 00:13:51 (7327 turns).

bande the Cleaver (Gargoyle Fighter)                Turns: 7327, Time: 00:13:52

Health: -7/61      AC: 21    Str: 21    XL:     10   Next: 20%
Magic:  14/14      EV:  7    Int:  8    God:    Okawaru [****..]
Gold:   603        SH:  5    Dex: 13    Spells: 9/9 levels left

rFire   + . .      SeeInvis .    a - +1 war axe (vamp)
rCold   + . .      Faith    +    c - +0 buckler
rNeg    + . .      Spirit   .    s - +0 chain mail
rPois   ∞          Reflect  .    o - +0 helmet
rElec   +          Harm     .    (no cloak)
rCorr   .          Rampage  .    b - +1 pair of gloves
Will    .....                    (no boots) Stlth
                                 i - amulet of faith
HPRegen 0.30/turn                G - ring of protection from cold
MPRegen 0.14/turn                x - ring of protection from fire

@: no status effects
A: sickness immunity, AC +7, negative energy resistance 1, electricity
resistance, torment resistance 1, petrification resistance
a: Renounce Religion, Heroism, Finesse


You were on level 8 of the Dungeon.
You worshipped Okawaru.
Okawaru was greatly pleased with you.
You visited 2 branches of the dungeon, and saw 10 of its levels.
You also visited: Ossuary.

You collected 603 gold pieces.

Inventory:

Hand Weapons
 a - a +1 vampiric war axe (weapon)
 h - a +4 flail
 n - a +3 war axe
Missiles
 t - 2 throwing nets (quivered)
Armour
 b - a +1 pair of gloves (worn)
 c - a +0 buckler (worn)
 o - a +0 helmet (worn)
 s - a +0 chain mail (worn)
Jewellery
 e - a ring of positive energy
 i - an amulet of faith (around neck)
 k - a ring of fire
 x - a ring of protection from fire (right hand)
 F - a +6 ring of strength
 G - a ring of protection from cold (left hand)
Wands
 B - a wand of flame (12)
Scrolls
 p - 4 scrolls of amnesia
 q - 2 scrolls of fog
 v - 3 scrolls of enchant armour
 w - a scroll of brand weapon
 y - a scroll of fear
 A - 7 scrolls of teleportation
 D - 2 scrolls of enchant weapon
Potions
 d - a potion of might
 f - 5 potions of curing
 g - 2 potions of flight
 j - 2 potions of brilliance
 l - 3 potions of resistance
 m - 4 potions of haste
 r - a potion of invisibility
 u - 5 potions of heal wounds
 z - a potion of attraction {unknown}
 C - a potion of mutation {unknown}


   Skills:
 + Level 6.9 Fighting
 + Level 9.4 Axes
 + Level 7.1 Armour
 - Level 0.1 Dodging
 - Level 0.1 Stealth
 + Level 5.4 Shields
 * Level 5.5 Invocations
 * Level 0.1 Evocations


You had 9 spell levels left.
You didn't know any spells.
Your spell library contained the following spells:

 Spells                   Type           Power      Damage    Failure   Level
 Kindle Blastsparks       Fire/Tloc/Air  0%         2d10      100%        3
 Fulminant Prism          Conj/Hex       0%         3d5       100%        4
 Iskenderun's Mystic Bla  Conj/Tloc      0%         2d3       100%        4
 Blade Hands              Tmut           0%         N/A       100%        5
 Lee's Rapid Deconstruct  Erth           0%         3d4*      100%        5
 Iron Shot                Conj/Erth      0%         9d1       100%        6
 Animate Armour           Summ/Erth      Unusable   N/A       N/A         4

Dungeon Overview and Level Annotations

Branches:
Dungeon (9/15)             Temple (1/1) D:5         Ossuary (visited)
   Lair: D:8-11         Orc: D:9-12

Altars:
Ashenzari
Cheibriados
Dithmenos
Hepliaklqana
Kikubaaqudgha
Makhleb
Nemelex Xobeh
Okawaru
Qazlal
Ru
Sif Muna
Trog
Vehumet
Wu Jian
Xom
Zin
The Shining One
Jiyva

Annotations:
D:7 2 transporters, sirJeffrey23's ghost, novice HOFi
D:8 3 transporters


Innate Abilities, Weirdness & Mutations

You are immune to sickness and miasma.
Your stone body is resilient. (AC +7)
You are immune to poison.
You resist negative energy. (rN+)
You are resistant to electric shocks. (rElec)
You are resistant to unholy torment.
You are immune to petrification.


Message History

You hit the slime creature but do no damage.
The slime creature is moderately wounded.
You hit the very large slime creature.
You feel better.
You slash the slime creature!
You hit the large slime creature but do no damage.
The slime creature hits you but does no damage.
Two slime creatures merge to form an enormous slime creature.
The slime creature hits you but does no damage.
You block the large slime creature's attack.
You barely miss the slime creature.
The slime creature is moderately wounded.
You hit the enormous slime creature. You hit the slime creature.
You hit the large slime creature.
The slime creature jiggles.
The slime creature hits you but does no damage.
A large slime creature splits.
The slime creature hits you but does no damage.
The slime creature hits you!
Unknown command.
Unknown command.
Unknown command.
You slash the slime creature!
You feel better.
The slime creature is moderately wounded.
You hit the slime creature.
You feel better.
You slash the slime creature!
You feel better.
You slash the enormous slime creature! You slash the slime creature!
The slime creature closely misses you. The slime creature hits you.
The enormous slime creature closely misses you.
The slime creature closely misses you.
The slime creature hits you but does no damage.
Unknown command.
You slash the slime creature!
You feel better.
The slime creature is heavily wounded.
You slash the enormous slime creature! You hit the slime creature.
You slash the slime creature!
You hit the slime creature but do no damage.
The slime creature hits you but does no damage.
The enormous slime creature hits you!!!
Ouch! That really hurt!
You die...

#....###......©..#
####.###...#######
#.......##.###©##
#......##..#.#..#
##..)...#.........#
#....######.....######### #
####.#####..._...###.##.######
#.....###.JJJ.###...........
#.....#$..J@J...#...........
##...###..#©#).#####..######
##...####!###:###########.##
#.......#######.............
##......)...©................
#....###>.##..###..####.###..
####..#######'####'####.###..
#)..#.........#............
#...#.........'............


You could see an enormous slime creature and 4 slime creatures.

Vanquished Creatures
  Sigmund (D:6)
  Eustachio (D:4)
  Menkaure (D:6)
  2 water moccasins (D:5)
  2 black bears
  An orc warrior (D:6)
  A sky beast (D:6)
  2 ice beasts
  3 centaurs
  3 ogres
  A phantom (D:4)
  A kobold brigand (D:6)
  3 bullfrogs
  4 scorpions
  11 wights
  6 howler monkeys (D:7)
  2 jellies
  3 hounds
  2 orc priests (D:6)
  10 orc wizards
  4 iguanas
  5 mummies (Ossuary)
  5 adders
  6 gnolls
  2 white imps (D:7)
  An ufetubus (D:5)
  4 worms
  2 dart slugs
  30 orcs
  9 endoplasms
  4 giant cockroaches
  A gnoll zombie (Ossuary)
  4 goblins
  5 hobgoblins
  2 jackals (D:3)
  3 quokkas (D:1)
  6 ball pythons
  3 bats
  4 frilled lizards
  4 hobgoblin zombies (Ossuary)
  11 kobolds
  3 orc zombies (Ossuary)
  7 rats
185 creatures vanquished.

Vanquished Creatures (others)
  5 plants (D:5)
5 creatures vanquished.

Grand Total: 190 creatures vanquished

Notes
Turn   | Place    | Note
-------+----------+-------------------------------------------
     0 | D:1      | bande the Gargoyle Fighter began the quest for the Orb.
     0 | D:1      | Reached XP level 1. HP: 14/14 MP: 1/1
   137 | D:1      | Reached XP level 2. HP: 16/19 MP: 2/2
   187 | D:1      | Reached skill level 2 in Axes
   439 | D:1      | Found a faded altar of an unknown god.
   816 | D:2      | Reached XP level 3. HP: 23/23 MP: 3/3
  1079 | D:2      | Reached XP level 4. HP: 28/28 MP: 4/4
  1654 | D:3      | Reached skill level 3 in Axes
  2174 | D:4      | Noticed a scorpion
  2179 | D:4      | Killed a scorpion
  2180 | D:4      | Reached XP level 5. HP: 29/33 MP: 5/5
  2243 | D:4      | Reached skill level 4 in Axes
  2243 | D:4      | Reached XP level 6. HP: 38/38 MP: 6/6
  2269 | D:4      | Found a sand-covered staircase.
  2363 | Ossuary  | Entered an ossuary
  2719 | D:4      | Found an ancient bone altar of Kikubaaqudgha.
  2774 | D:4      | Reached skill level 5 in Axes
  2774 | D:4      | Reached XP level 7. HP: 44/44 MP: 7/7
  2856 | D:4      | Found a snail-covered altar of Cheibriados.
  3102 | D:4      | Found a shimmering blue altar of Sif Muna.
  3259 | D:5      | Entered Level 5 of the Dungeon
  3259 | D:5      | Noticed Eustachio
  3287 | D:4      | Killed Eustachio
  3288 | D:4      | Reached skill level 6 in Axes
  3288 | D:4      | Reached skill level 5 in Armour
  3333 | D:5      | Found a staircase to the Ecumenical Temple.
  3346 | Temple   | Entered the Ecumenical Temple
  3353 | Temple   | Became a worshipper of Warmaster Okawaru
  3475 | D:5      | Reached XP level 8. HP: 38/48 MP: 8/8
  3487 | D:5      | Reached skill level 5 in Fighting
  3487 | D:5      | Reached skill level 1 in Invocations
  3721 | D:5      | Reached * piety under Okawaru
  4261 | D:6      | Reached skill level 7 in Axes
  4482 | D:6      | Noticed Sigmund
  4494 | D:6      | Killed Sigmund
  4494 | D:6      | Reached ** piety under Okawaru
  4495 | D:6      | Reached XP level 9. HP: 54/54 MP: 11/11
  4513 | D:6      | Found a bloodstained altar of Trog.
  4673 | D:6      | Noticed Menkaure
  4680 | D:6      | Killed Menkaure
  4684 | D:6      | Reached skill level 8 in Axes
  4785 | D:6      | Reached skill level 5 in Shields
  5340 | D:7      | Reached *** piety under Okawaru
  5449 | D:7      | Identified the +7 falchion "Ymmiel" {elec, Int+3}
  5927 | D:7      | Identified the +5 great mace "Uzor" {holy, rN+}
  5928 | D:7      | Noticed sirJeffrey23's ghost (novice HOFi)
  5932 | D:7      | Found a transporter.
  5947 | D:7      | Found a transporter.
  6090 | D:7      | Reached skill level 5 in Invocations
  6263 | D:8      | Reached skill level 9 in Axes
  6284 | D:8      | Reached XP level 10. HP: 45/61 MP: 13/13
  6394 | D:8      | Reached **** piety under Okawaru
  6752 | D:8      | Found a viscous altar of Jiyva.
  6810 | D:8      | Found a stormy altar of Qazlal.
  6810 | D:8      | Noticed a boulder beetle
  6818 | D:8      | Noticed a centaur warrior
  6821 | D:8      | Found a transporter.
  6835 | D:8      | Found a transporter.
  7247 | D:8      | Found a transporter.
  7257 | D:8      | Found a transporter.
  7327 | D:8      | Mangled by an enormous slime creature

Illustrated notes

Levels and vault maps discovered:
D:1:      matt_arrival_grand_opening, layout_loops_ring,
          shapermc_ecumenical_altar_notcrosses
D:2:      layout_loops_cross
D:3:      layout_rooms, palyth_stone_intersect, dk_noncrumbling_3
D:4:      layout_gridville, mainiacjoe_overflow_catwalk,
          nicolae_kikubaaqudgha_miasma_corner, kennysheep_orc_sif_temple,
          nicolae_ossuary_entry_false_entrances, kennysheep_generic_room_10
D:5:      layout_gridville, minmay_temple_entry_overgrown, uniq_eustachio
D:6:      layout_basic, bloody_trog, gup_sewer_entry_bowl, uniq_menkaure,
          uniq_sigmund
D:7:      cheibrodos_quashed, layout_gridville, gammafunk_ghost_smash
D:8:      gammafunk_jiyva_shrine, layout_gridville,
          gammafunk_temple_overflow_arena
D:9:      layout_cave_pools, mainiacjoe_overflow_small_starburst,
          overflow_temple_1_default, mainiacjoe_overflow_24_doors,
          mainiacjoe_overflow_alcove_4, mainiacjoe_overflow_paths, uniq_erolcha
Temple:   nicolae_temple_no_exploring_needed

Skill      XL: |  1  2  3  4  5  6  7  8  9 10 |
---------------+-------------------------------+-----
Axes           | 2 3 4 5 6 7 9 |  9.4
Armour         | 4 5 6 7 |  7.1
Fighting       | 4 5 6 |  6.9
Shields        | 4 5 |  5.4
Invocations    | 3 5 |  5.5
Dodging        | |  0.1
Stealth        | |  0.1
Evocations     | |  0.1

Action                   |  1- 3 |  4- 6 |  7- 9 | 10-12 || total
-------------------------+-------+-------+-------+-------++-------
Melee: War axe           |    94 |   169 |   357 |    60 ||   680
  Use: Scroll            |       |    13 |     9 |       ||    22
Armor: Scale mail        |    38 |    31 |       |       ||    69
       Chain mail        |       |    65 |   232 |    74 ||   371
Dodge: Dodged            |    48 |    72 |   136 |    37 ||   293
Block: Buckler           |    18 |    32 |    86 |    18 ||   154

Table legend: (Time is in decaauts)
 A = Elapsed time spent in this place.
 B = Non-inter-level travel time spent in this place.
 C = Inter-level travel time spent in this place.
 D = Time resting spent in this place.
 E = Time spent auto-exploring this place.
 F = Levels seen in this place.
 G = Mean time per level.
                   A        B        C        D        E       F      G
               +--------+--------+--------+--------+--------+-----+--------+
         Total |   7508 |   7346 |    162 |    776 |   4695 |  11 |  682.5 |
       Dungeon |   7238 |   7098 |    140 |    776 |   4570 |   9 |  804.2 |
        Temple |     24 |      2 |     22 |      0 |      0 |   1 |   24.0 |
       Ossuary |    245 |    245 |      0 |      0 |    125 |   1 |  245.0 |
               +--------+--------+--------+--------+--------+-----+--------+

Top non-repeatable levels by time:
     D:6: 1221 daAuts
     D:4: 920 daAuts
     D:7: 881 daAuts
     D:1: 846 daAuts
     D:5: 838 daAuts
     D:8: 815 daAuts
     D:2: 740 daAuts
     D:3: 656 daAuts
     D:9: 317 daAuts
 Ossuary: 245 daAuts
  Temple: 24 daAuts
